 Dungeon Crawl Stone Soup version 0.27-a0-287-gd4424db430 (webtiles) character file.

Game seed: 14537460420927558596

65 Lanoc the Ducker (level 3, -4/19 HPs)
             Began as a Spriggan Gladiator on Feb 9, 2021.
             Slain by an orc
             ... wielding a +0 flail
              (9 damage)
             ... on level 3 of the Dungeon.
             The game lasted 00:01:24 (1176 turns).

Lanoc the Ducker (Spriggan Gladiator)               Turns: 1176, Time: 00:01:25

Health: -4/19      AC:  2    Str: 10    XL:     3   Next: 94%
Magic:  4/4        EV: 21    Int:  9    God:
Gold:   32         SH:  0    Dex: 17    Spells: 2/2 levels left

rFire    . . .     SeeInvis +   a - +0 rapier
rCold    . . .     Faith    .   (shield restricted)
rNeg     . . .     Spirit   .   b - +0 robe
rPois    .         Reflect  .   c - +0 hat
rElec    .         Harm     .   (no cloak)
rCorr    .         Rampage  .   (gloves unavailable)
Will     .....                  (boots unavailable)
Stlth    ++........             (no amulet)
HPRegen  0.06/turn              (no ring)
MPRegen  0.09/turn              (no ring)

@: very quick
A: very small, unfitting armour, see invisible, speed 3
a: no special abilities


You were on level 3 of the Dungeon.
You visited 1 branch of the dungeon, and saw 3 of its levels.

You collected 32 gold pieces.

Inventory:

Hand Weapons
 a - a +0 rapier (weapon)
Missiles
 d - 3 throwing nets (quivered)
Armour
 b - a +0 robe (worn)
 c - a +0 hat (worn)
Wands
 i - a wand of paralysis (6)
Scrolls
 f - a scroll of fog {unknown}
Potions
 e - a potion of resistance {unknown}
 g - a potion of heal wounds
 h - 2 potions of curing {unknown}
 j - a potion of attraction {unknown}


   Skills:
 + Level 2.7 Fighting
 - Level 3.2 Short Blades
 - Level 2.0 Throwing
 + Level 5.4 Dodging


You had 2 spell levels left.
You didn't know any spells.
Your spell library was empty.

Dungeon Overview and Level Annotations

Branches:
Dungeon (3/15)

Altars:


Innate Abilities, Weirdness & Mutations

You are very small and have problems with some larger weapons.
You are too small for most types of armour.
You have supernaturally acute eyesight. (SInv)
You cover ground extremely quickly.


Message History

You hit the orc but do no damage. The orc misses you.
You barely miss the orc.
The orc priest begins to cast a cantrip, but forgets the words!
The orc misses you.
You hit the orc but do no damage. You hit the orc but do no damage.
The orc misses you.
You hit the orc.
The orc is moderately wounded.
The orc misses you.
You hit the orc but do no damage.
The orc is moderately wounded.
The orc hits you with a +0 flail.
* * * LOW HITPOINT WARNING * * *
You hit the orc but do no damage.
The orc is moderately wounded.
The orc completely misses you.
You hit the orc but do no damage.
The orc is moderately wounded.
The orc hits you with a +0 flail!
You die...

....###.####.##
.............#
##.###.###### #.#
#.# #.# #.# #.#
######## #.#
#...@oo#
..#.###.###.####o#
#...........# #
....#.....### ##
##..>## ##.## #.#
#.# #+#


You could see an orc priest and 2 orcs.

Vanquished Creatures
  Terence (D:2)
  An adder (D:2)
  2 dart slugs (D:3)
  2 orcs (D:3)
  A bat (D:2)
  2 giant cockroaches
  3 goblins
  2 hobgoblins (D:3)
  3 jackals (D:2)
  A quokka (D:3)
  2 frilled lizards
  3 kobolds (D:3)
  A rat (D:3)
24 creatures vanquished.

Notes
Turn   | Place    | Note
-------+----------+-------------------------------------------
     0 | D:1      | Lanoc the Spriggan Gladiator began the quest for the Orb.
     0 | D:1      | Reached XP level 1. HP: 10/10 MP: 2/2
   210 | D:2      | Reached XP level 2. HP: 13/15 MP: 3/3
   336 | D:2      | Noticed Terence
   357 | D:2      | Killed Terence
   358 | D:2      | Reached skill level 5 in Dodging
   358 | D:2      | Reached XP level 3. HP: 8/19 MP: 4/4
  1176 | D:3      | Slain by an orc

Illustrated notes

Levels and vault maps discovered:
D:1:      dpeg_arrival_windows_large_door, layout_loops_cross,
          chequers_serial_rivers_small_a
D:2:      layout_basic, uniq_terence
D:3:      layout_loops_corners, ashenzari_conservatory_becter,
          guppyfry_early_orc_mine

Skill      XL: |  1  2 |
---------------+-------+-----
Fighting       | 2 |  2.7
Dodging        | 5 |  5.4
Short Blades   | |  3.2
Throwing       | |  2.0

Action                   || total
-------------------------++-------
Melee: Rapier            ||   101
  Use: Potion            ||     3
 Stab: Sleeping          ||     2
       Distracted        ||     1
Armor: Robe              ||     9
Dodge: Dodged            ||    95

Table legend: (Time is in decaauts)
 A = Elapsed time spent in this place.
 B = Non-inter-level travel time spent in this place.
 C = Inter-level travel time spent in this place.
 D = Time resting spent in this place.
 E = Time spent auto-exploring this place.
 F = Levels seen in this place.
 G = Mean time per level.
                   A        B        C        D        E       F      G
               +--------+--------+--------+--------+--------+-----+--------+
         Total |    980 |    978 |      2 |      0 |    807 |   3 |  326.7 |
       Dungeon |    980 |    978 |      2 |      0 |    807 |   3 |  326.7 |
               +--------+--------+--------+--------+--------+-----+--------+

Top non-repeatable levels by time:
     D:3: 713 daAuts
     D:2: 161 daAuts
     D:1: 105 daAuts
